 Dungeon Crawl Stone Soup version 0.20-a0-1000-g0e8f6bb (webtiles) character file.

136 Hybris the Firebug (level 5, 0/31 HPs)
             Began as an Octopode Fire Elementalist on Apr 13, 2017.
             Was an Initiate of Vehumet.
             Succumbed to a worker ant's poison
             ... on level 4 of the Dungeon.
             The game lasted 00:09:54 (3823 turns).

Hybris the Firebug (Octopode Fire Elementalist)     Turns: 3823, Time: 00:09:54

Health: 0/31       AC:  1    Str:  7    XL:     5   Next: 19%
Magic:  9/9        EV: 13    Int: 18    God:    Vehumet [......]
Gold:   156        SH:  0    Dex: 13    Spells: 4/10 levels left

rFire    + . .     SeeInvis .   f - +0 dagger
rCold    . . .     Gourm    .   (no shield)
rNeg     . . .     Faith    .   (helmet restricted)
rPois    .         Spirit   .   (no amulet)
rElec    .         Reflect  .   h - ring of loudness (curse)
rCorr    .         Harm     .   s - ring of protection from fire
MR       .....                  (no ring)
Stlth    ++........             (no ring)
Regen    0.1/turn               (no ring)
MPRegen  0.2/turn               (no ring)
                                (no ring)
                                (no ring)

@: lethally poisoned (0 -> -13)
A: almost no armour, stealthy swim, amphibious, 8 rings, constrict 8, camouflage
1, gelatinous body 1
a: Renounce Religion


You were on level 4 of the Dungeon.
You worshipped Vehumet.
Vehumet was noncommittal.
You were very hungry.

You visited 2 branches of the dungeon, and saw 5 of its levels.

You collected 156 gold pieces.

Inventory:

Hand Weapons
 f - a +0 dagger (weapon)
Jewellery
 h - a cursed ring of loudness (left tentacle)
 s - a ring of protection from fire (right tentacle)
Scrolls
 e - a scroll of amnesia
 l - a scroll of enchant armour
 o - a scroll of blinking
 p - 2 scrolls of teleportation
 q - 2 scrolls of identify
 u - a scroll of enchant weapon {unknown}
Potions
 c - a potion of magic
 d - a potion of mutation {unknown}
 j - a potion of ambrosia {unknown}
 m - a potion of brilliance {unknown}
 n - a potion of heal wounds {unknown}
 r - a potion of cancellation {unknown}
 t - a potion of might {unknown}
Books
 a - a book of Flames

   Spells                             Type                      Level
   a - Flame Tongue                   Conjuration/Fire             1
   b - Throw Flame                    Conjuration/Fire             2
   c - Conjure Flame                  Conjuration/Fire             3
   d - Inner Flame                    Hexes/Fire                   3
   e - Sticky Flame                   Conjuration/Fire             4
   f - Fireball                       Conjuration/Fire             5
Comestibles
 b - 7 bread rations
 g - a meat ration
 i - a fruit
 k - 2 royal jellies


   Skills:
 - Level 2.0 Dodging
 - Level 2.6 Stealth
 * Level 3.0 Spellcasting
 + Level 2.8 Conjurations
 + Level 4.2 Fire Magic


You had 4 spell levels left.
You knew the following spells:

 Your Spells              Type           Power        Failure   Level  Hunger
a - Flame Tongue          Conj/Fire      ###..        4%          1    None
b - Throw Flame           Conj/Fire      ###...       8%          2    ##.....
c - Conjure Flame         Conj/Fire      ###.....     14%         3    ###....


Dungeon Overview and Level Annotations

Branches:
Dungeon (4/15)             Temple (1/1) D:4

Altars:
Ashenzari
Cheibriados
Dithmenos
Fedhas
Makhleb
Nemelex Xobeh
Okawaru
Qazlal
Ru
Sif Muna
Trog
Uskayaw
Vehumet
Xom
Yredelemnul
The Shining One

Annotations:
D:4 Edmund


Innate Abilities, Weirdness & Mutations

You cannot wear most types of armour.
You are very stealthy in the water. (Stealth+)
You are amphibious.
You can wear up to eight rings at the same time.
You can use your tentacles to constrict eight enemies at once.
Your skin changes colour to match your surroundings (Stealth+).
Your rubbery body absorbs attacks. (AC +1, EV +1)


Message History

You hit the worker ant but do no damage.
You squeeze the worker ant.
The worker ant is moderately wounded.
You constrict the worker ant.
You feel sick. The worker ant misses you.
You hit the worker ant but do no damage.
The worker ant is heavily wounded.
You constrict the worker ant, but do no damage.
The worker ant bites you.
You are lethally poisoned!
The worker ant poisons you!
You hit the worker ant but do no damage.
You squeeze the worker ant, but do no damage.
The worker ant is heavily wounded.
You constrict the worker ant.
You feel sick. The worker ant bites you!
* * * LOW HITPOINT WARNING * * *
The worker ant bites you.
* * * LOW HITPOINT WARNING * * *
It was a potion of magic.
Magic courses through your body.
You constrict the worker ant, but do no damage.
You die...

#............#
#.#...>...#..# .
#............###### #.
#.#.......#........ # #
#.............######.#
#.#.#.#.#.#..........#
#..................#.#
#....#.##..............
#.....>........@....#.
##..#####......a...# .#
#.............
#.<..........#
#.........%..#
#........>....
#............#
#...#######... ...##


You could see a worker ant.

Vanquished Creatures
  3 gnolls (D:3)
  4 adders
  An ooze (D:1)
  2 worms (D:3)
  2 dart slugs
  A leopard gecko (D:3)
  7 bats
  2 giant cockroaches
  8 goblins
  6 hobgoblins
  8 kobolds
  A quokka (D:3)
  A ball python (D:1)
  5 frilled lizards
  7 rats
58 creatures vanquished.

Notes
Turn   | Place    | Note
-------+----------+-------------------------------------------
     0 | D:1      | Hybris the Octopode Fire Elementalist began the quest for the Orb.
     0 | D:1      | Reached XP level 1. HP: 11/11 MP: 3/3
   497 | D:1      | Reached XP level 2. HP: 17/17 MP: 3/5
   510 | D:1      | Learned a level 2 spell: Throw Flame
  1294 | D:2      | Reached XP level 3. HP: 18/21 MP: 6/6
  1464 | D:2      | Learned a level 3 spell: Conjure Flame
  2270 | D:3      | Reached skill level 4 in Fire Magic
  2270 | D:3      | Reached XP level 4. HP: 27/27 MP: 0/7
  2976 | D:3      | Reached XP level 5. HP: 23/31 MP: 1/9
  3287 | D:4      | Noticed Edmund
  3640 | D:4      | Found a staircase to the Ecumenical Temple.
  3655 | Temple   | Entered the Ecumenical Temple
  3785 | Temple   | Became a worshipper of Vehumet
  3822 | D:4      | HP: 1/31 [worker ant (3)]
  3823 | D:4      | Succumbed to a worker ant's poison

Vault maps used:
D:1:      nicolae_arrival_washed_ashore
D:2:      first_bread
D:4:      minmay_temple_entry_glass, uniq_pikel, uniq_sigmund, uniq_edmund
Temple:   eino_temple_scatter_basement

Skill      XL: |  1  2  3  4  5 |
---------------+----------------+-----
Conjurations   | 2 |  2.8
Fire Magic     | 4 |  4.2
Spellcasting   | 3 |  3.0
Dodging        | |  2.0
Stealth        | |  2.6

Action                   |  1- 3 |  4- 6 || total
-------------------------+-------+-------++-------
Melee: Unarmed           |     7 |       ||     7
       Dagger            |    42 |    50 ||    92
       Constrict         |    11 |    12 ||    23
       Tentacles         |     3 |     6 ||     9
 Cast: Flame Tongue      |    28 |     8 ||    36
       Throw Flame       |    15 |    17 ||    32
       Conjure Flame     |       |     2 ||     2
  Use: Scroll            |     9 |       ||     9
       Potion            |       |     1 ||     1
 Stab: Sleeping          |     4 |     3 ||     7
  Eat: Chunk             |     5 |     5 ||    10
Armor: Skin              |    11 |     4 ||    15
Dodge: Dodged            |    39 |    53 ||    92
